 Dungeon Crawl Stone Soup version 0.26-a0-720-g2a1d101370 (webtiles) character file.

Game seed: 15770693128583074951

1352 Gargoyl the Skirmisher (level 8, 0/67 HPs)
             Began as a Gnoll Abyssal Knight on Nov 2, 2020.
             Was a Priest of Lugonu.
             Succumbed to an orc warrior's poison
             ... on level 5 of the Dungeon.
             The game lasted 00:06:17 (5562 turns).

Gargoyl the Skirmisher (Gnoll Abyssal Knight)       Turns: 5562, Time: 00:06:18

Health: 0/67       AC: 19    Str: 20 (22) XL:     8   Next: 63%
Magic:  13/13      EV: 12    Int: 13 (15) God:    Lugonu [***...]
Gold:   402        SH:  0    Dex: 14 (15) Spells: 13/13 levels left

rFire    . . .     SeeInvis .   i - +1 hand axe (elec)
rCold    . . .     Faith    .   (no shield)
rNeg     . . .     Spirit   .   h - +0 scale mail
rPois    .         Reflect  .   t - +0 helmet
rElec    .         Harm     .   (no cloak)
rCorr    .         Rampage  .   c - +2 pair of gloves
MR       .....                  m - +2 pair of boots
Stlth    +.........             (no amulet)
HPRegen  0.21/turn              f - +4 ring of protection
MPRegen  0.13/turn              v - +6 ring of strength

@: brilliant, lethally poisoned (0 -> -46), flying
A: distributed training, fangs 1, strong nose
a: Depart the Abyss, Bend Space, Banish, Renounce Religion


You were on level 5 of the Dungeon.
You worshipped Lugonu.
Lugonu was most pleased with you.
You visited 1 branch of the dungeon, and saw 5 of its levels.
You visited the Abyss 1 time.

You collected 402 gold pieces.

Inventory:

Hand Weapons
 a - a +1 hand axe
 i - a +1 hand axe of electrocution (weapon)
Missiles
 j - 36 poisoned darts (quivered)
Armour
 c - a +2 pair of gloves (worn)
 h - a +0 scale mail (worn)
 m - a +2 pair of boots (worn)
 t - a +0 helmet (worn)
Jewellery
 f - a +4 ring of protection (left hand)
 u - an uncursed ring of flight
 v - a +6 ring of strength (right hand)
Wands
 o - a wand of flame (14)
 r - a wand of acid (6)
 s - a wand of random effects (20)
Scrolls
 b - a scroll of remove curse
 d - 11 scrolls of identify
 g - 3 scrolls of teleportation
Potions
 e - 2 potions of haste
 q - a potion of cancellation {unknown}


   Skills:
 + Level 7.4 Fighting
 + Level 3.4 Short Blades
 + Level 3.4 Long Blades
 + Level 5.8 Axes
 + Level 3.4 Maces & Flails
 + Level 3.4 Polearms
 + Level 3.4 Staves
 + Level 3.4 Slings
 + Level 3.4 Bows
 + Level 3.4 Crossbows
 + Level 3.4 Throwing
 + Level 5.8 Armour
 + Level 4.3 Dodging
 + Level 3.4 Stealth
 + Level 3.4 Shields
 + Level 3.4 Unarmed Combat
 + Level 3.4 Spellcasting
 + Level 2.8 Conjurations
 + Level 2.8 Hexes
 + Level 2.8 Summonings
 + Level 2.8 Necromancy
 + Level 2.8 Translocations
 + Level 2.8 Transmutations
 + Level 2.8 Fire Magic
 + Level 2.8 Ice Magic
 + Level 2.8 Air Magic
 + Level 2.8 Earth Magic
 + Level 2.8 Poison Magic
 + Level 6.0 Invocations
 + Level 3.4 Evocations


You had 13 spell levels left.
You didn't know any spells.
Your spell library was empty.

Dungeon Overview and Level Annotations

Branches:
Dungeon (5/15)
 Temple: D:4-7

Altars:
Dithmenos
Fedhas
Beogh

Shops:
D:4 *

Annotations:
D:5 kuniqs's ghost, novice DENe


Innate Abilities, Weirdness & Mutations

Your experience applies equally to all skills.
You have very sharp teeth.
Your uncanny sense of smell can sniff out nearby items.


Message History

You feel weakened.
You feel dopey.
You feel clumsy.
* * * LOW HITPOINT WARNING * * *
You feel very sick.
The orc warrior hits you with the +7 hand axe of Defence by Offence {venom, rElec rF- MR++ Str+5}.
* * * LOW HITPOINT WARNING * * *
You are more poisoned.
It was a potion of brilliance.
You feel clever all of a sudden.
* * * LOW HITPOINT WARNING * * *
You feel very sick. The orc warrior barely misses you.
Unknown command.
It was a potion of flight.
You feel very buoyant.
You fly up into the air.
* * * LOW HITPOINT WARNING * * *
You feel very sick.
The orc priest miscasts a cantrip.
It was a potion of magic.
Magic courses through your body.
You die...

### ######8# 8
....#.# ..##..#.#
###### ..8#..#.#
.....# ..##oo#@#
.....# ....#o#o#
>....####[...#Woo##
........#_.8.#.oo.#
.##.....#[...#.'..#
.##.....#)...#.#..#
+##.....#..##..#..#
........#..8#.[#..#
........#..##..#..#


You could see an orc warrior, an orc priest, kuniqs's ghost and 6 orcs.

Vanquished Creatures
  Grinder (D:3)
  An ice beast (D:5)
  5 ogres
  A bullfrog (D:5)
  A bullfrog zombie (D:5)
  2 orc priests
  3 jellies (D:2)
  A bullfrog skeleton (D:5)
  3 orc wizards
  3 worker ants
  8 adders
  7 oozes (D:2)
  An adder zombie (D:1)
  6 worms
  2 dart slugs
  3 leopard geckos
  10 orcs
  A bat zombie (D:1)
  4 giant cockroaches
  16 goblins
  5 hobgoblins
  6 jackals (D:3)
  2 quokkas (D:2)
  10 bats
  6 frilled lizards
  15 kobolds
  A leopard gecko skeleton (D:5)
  8 rats
132 creatures vanquished.

Vanquished Creatures (others)
  6 fungi (D:2)
  8 toadstools (D:2)
14 creatures vanquished.

Grand Total: 146 creatures vanquished

Notes
Turn   | Place    | Note
-------+----------+-------------------------------------------
     0 | Abyss:1  | Gargoyl the Gnoll Abyssal Knight began the quest for the
                  | Orb.
     0 | Abyss:1  | Reached XP level 1. HP: 23/23 MP: 3/3
    74 | Abyss:1  | Found a corrupted altar of Lugonu.
   180 | Abyss:1  | HP: 1/23 [white imp/puff of frost (10)]
   181 | D:1      | Escaped the Abyss
   667 | D:1      | Reached XP level 2. HP: 27/29 MP: 5/5
   929 | D:1      | Reached * piety under Lugonu
  1666 | D:2      | Reached XP level 3. HP: 35/35 MP: 6/6
  1855 | D:2      | Reached skill level 1 in Short Blades
  1855 | D:2      | Reached skill level 1 in Long Blades
  1855 | D:2      | Reached skill level 1 in Maces & Flails
  1855 | D:2      | Reached skill level 1 in Polearms
  1855 | D:2      | Reached skill level 1 in Staves
  1855 | D:2      | Reached skill level 1 in Slings
  1855 | D:2      | Reached skill level 1 in Bows
  1855 | D:2      | Reached skill level 1 in Crossbows
  1855 | D:2      | Reached skill level 1 in Throwing
  1855 | D:2      | Reached skill level 1 in Stealth
  1855 | D:2      | Reached skill level 1 in Shields
  1855 | D:2      | Reached skill level 1 in Unarmed Combat
  1855 | D:2      | Reached skill level 1 in Spellcasting
  1855 | D:2      | Reached skill level 1 in Evocations
  1878 | D:2      | Reached XP level 4. HP: 39/41 MP: 7/7
  1954 | D:2      | Found a faded altar of an unknown god.
  2249 | D:2      | Reached ** piety under Lugonu
  2317 | D:2      | Reached skill level 1 in Conjurations
  2317 | D:2      | Reached skill level 1 in Hexes
  2317 | D:2      | Reached skill level 1 in Summonings
  2317 | D:2      | Reached skill level 1 in Necromancy
  2317 | D:2      | Reached skill level 1 in Translocations
  2317 | D:2      | Reached skill level 1 in Transmutations
  2317 | D:2      | Reached skill level 1 in Fire Magic
  2317 | D:2      | Reached skill level 1 in Ice Magic
  2317 | D:2      | Reached skill level 1 in Air Magic
  2317 | D:2      | Reached skill level 1 in Earth Magic
  2317 | D:2      | Reached skill level 1 in Poison Magic
  2393 | D:2      | Reached XP level 5. HP: 32/47 MP: 8/8
  2408 | D:2      | Reached skill level 5 in Invocations
  2644 | D:2      | Reached XP level 6. HP: 53/53 MP: 9/9
  2899 | D:2      | Found a blossoming altar of Fedhas.
  3091 | D:3      | Reached *** piety under Lugonu
  3200 | D:3      | Reached skill level 5 in Axes
  3200 | D:3      | Reached skill level 5 in Armour
  3375 | D:3      | Noticed Grinder
  3394 | D:3      | Paralysed by Grinder for 6 turns
  3412 | D:3      | Paralysed by Grinder for 7 turns
  3420 | D:3      | Killed Grinder
  3420 | D:3      | Reached skill level 7 in Fighting
  3420 | D:3      | Reached XP level 7. HP: 46/60 MP: 10/10
  4361 | D:4      | Found a shadowy altar of Dithmenos.
  4478 | D:4      | Found Luqaf's General Store.
  4547 | D:5      | Entered Level 5 of the Dungeon
  4564 | D:5      | Reached XP level 8. HP: 67/67 MP: 12/12
  5203 | D:5      | Reached **** piety under Lugonu
  5527 | D:5      | Found a runed translucent gate.
  5528 | D:5      | Found a runed translucent gate.
  5528 | D:5      | Noticed kuniqs's ghost (novice DENe)
  5529 | D:5      | Found a runed translucent gate.
  5531 | D:5      | Identified the +7 hand axe of Defence by Offence {venom,
                  | rElec rF- MR++ Str+5}
  5531 | D:5      | Identified the cursed +1 chain mail of the Immovable Suns
                  | {Int+3 Dex+3}
  5532 | D:5      | Identified the +8 spear of Awkwardness {protect, rF- rN+
                  | MR+++}
  5532 | D:5      | Identified the +2 chain mail of Doomed New Discoveries
                  | {rPois}
  5535 | D:5      | Found a roughly hewn altar of Beogh.
  5562 | D:5      | Succumbed to an orc warrior's poison

Illustrated notes

Levels and vault maps discovered:
D:1:      saegor_arrival_fortress, layout_loops_corners
D:2:      cheibrodos_fertilizer, layout_basic, fedhas_altar_4,
          chequers_ecumenical_altar_grove, kennysheep_generic_room_7
D:3:      layout_basic, uniq_grinder
D:4:      layout_rooms, lemuel_round_altar, serial_shops, shop
D:5:      layout_basic, biasface_ghost_orc_armoury

Skill      XL: |  1  2  3  4  5  6  7  8 |
---------------+-------------------------+-----
Short Blades   | 1 2 3 |  3.4
Long Blades    | 1 2 3 |  3.4
Maces & Flails | 1 2 3 |  3.4
Polearms       | 1 2 3 |  3.4
Staves         | 1 2 3 |  3.4
Slings         | 1 2 3 |  3.4
Bows           | 1 2 3 |  3.4
Crossbows      | 1 2 3 |  3.4
Throwing       | 1 2 3 |  3.4
Stealth        | 1 2 3 |  3.4
Shields        | 1 2 3 |  3.4
Unarmed Combat | 1 2 3 |  3.4
Spellcasting   | 1 2 3 |  3.4
Evocations     | 1 2 3 |  3.4
Conjurations   | 1 2 |  2.8
Hexes          | 1 2 |  2.8
Summonings     | 1 2 |  2.8
Necromancy     | 1 2 |  2.8
Translocations | 1 2 |  2.8
Transmutations | 1 2 |  2.8
Fire Magic     | 1 2 |  2.8
Ice Magic      | 1 2 |  2.8
Air Magic      | 1 2 |  2.8
Earth Magic    | 1 2 |  2.8
Poison Magic   | 1 2 |  2.8
Dodging        | 3 4 |  4.3
Invocations    | 5 6 |  6.0
Axes           | 5 |  5.8
Armour         | 5 |  5.8
Fighting       | 7 |  7.4

Action                   |  1- 3 |  4- 6 |  7- 9 || total
-------------------------+-------+-------+-------++-------
Melee: Hand axe          |    82 |   136 |   131 ||   349
       Bite              |     8 |    16 |    17 ||    41
       Punch             |       |       |     4 ||     4
Invok: Depart the Abyss  |     1 |       |       ||     1
  Use: Scroll            |     3 |     5 |     5 ||    13
       Potion            |       |       |     4 ||     4
 Stab: Sleeping          |     1 |       |       ||     1
Armor: Leather armour    |    22 |       |       ||    22
       Scale mail        |    23 |   104 |    58 ||   185
Dodge: Dodged            |    52 |    91 |    65 ||   208

Table legend: (Time is in decaauts)
 A = Elapsed time spent in this place.
 B = Non-inter-level travel time spent in this place.
 C = Inter-level travel time spent in this place.
 D = Time resting spent in this place.
 E = Time spent auto-exploring this place.
 F = Levels seen in this place.
 G = Mean time per level.
                   A        B        C        D        E       F      G
               +--------+--------+--------+--------+--------+-----+--------+
         Total |   5573 |   5490 |     83 |    476 |   4079 |   6 |  928.8 |
       Dungeon |   5392 |   5309 |     83 |    473 |   3932 |   5 | 1078.4 |
         Abyss |    181 |    181 |      0 |      3 |    147 |   1 |  181.0 |
               +--------+--------+--------+--------+--------+-----+--------+

Top non-repeatable levels by time:
     D:1: 1485 daAuts
     D:2: 1355 daAuts
     D:5: 1012 daAuts
     D:3: 850 daAuts
     D:4: 688 daAuts
 Abyss:1: 181 daAuts
